 Dungeon Crawl Stone Soup version 0.30-a0-367-g839099abd5 (webtiles) character file.

Game seed: 13295949566057452966

73 BritishOli the Chopper (level 4, 34/34 HPs)
             Began as a Demonspawn Gladiator on Nov 18, 2022.
             Got out of the dungeon alive.
             The game lasted 00:01:28 (1650 turns).

BritishOli the Chopper (Demonspawn Gladiator)       Turns: 1650, Time: 00:01:28

Health: 34/34      AC:  4    Str: 16    XL:     4   Next: 8%
Magic:  4/4        EV: 12    Int: 10    God:
Gold:   71         SH:  0    Dex: 14    Spells: 3/3 levels left

rFire   . . .      SeeInvis .    a - +0 war axe
rCold   . . .      Faith    .    (no shield)
rNeg    . . .      Spirit   .    b - +0 leather armour
rPois   .          Reflect  .    c - +0 helmet
rElec   .          Harm     .    (no cloak)
rCorr   .          Rampage  .    (no gloves)
Will    .....                    (no boots)
Stlth   +.........               (no amulet)
HPRegen 0.25/turn                (no ring)
MPRegen 0.09/turn                (no ring)

@: no status effects
A: hooves 1, powered by pain 1, demonic magic 1
a: no special abilities


You escaped.
You visited 1 branch of the dungeon, and saw 2 of its levels.

You collected 71 gold pieces.

Inventory:

Hand Weapons
 a - a +0 war axe (weapon)
Missiles
 d - 3 throwing nets (quivered)
 e - a javelin
Armour
 b - a +0 leather armour (worn)
 c - a +0 helmet (worn)
Wands
 l - a wand of mindburst (7)
Scrolls
 f - 3 scrolls of identify {unknown}
 g - a scroll of teleportation {unknown}
 h - a scroll of butterflies {unknown}
 j - 2 scrolls of fear {unknown}
 k - a scroll of enchant weapon {unknown}
 m - a scroll of poison {unknown}
Potions
 i - 2 potions of degeneration {unknown}


   Skills:
 + Level 2.8 Fighting
 + Level 3.2 Axes
 - Level 2.2 Throwing
 + Level 0.6 Armour
 + Level 3.2 Dodging


You had 3 spell levels left.
You didn't know any spells.
Your spell library was empty.

Dungeon Overview and Level Annotations

Branches:
Dungeon (2/15)

Altars:
Hepliaklqana


Innate Abilities, Weirdness & Mutations

You have large cloven feet.
You sometimes gain a little power by taking damage.
Spells you cast may paralyse adjacent enemies.


Message History

The adder closely misses you.
You barely miss the adder. Your kick misses the adder.
The adder is heavily wounded.
You feel sick. The adder barely misses you. The adder closely misses you.
You closely miss the adder.
The adder is heavily wounded.
You feel sick. The adder bites you but does no damage. The adder bites you.
* * * LOW HITPOINT WARNING * * *
You are lethally poisoned!
The adder poisons you!
You slash the adder!
You kill the adder!
* * * LOW HITPOINT WARNING * * *
You feel very sick.
You have reached level 4!
You feel clever.
Your demonic ancestry asserts itself...
A menacing aura infuses your magic.
You start resting.
You feel sick. x6
You are no longer poisoned.
You start resting.
HP restored.
You see here a ball python skeleton.
You see here a +0 short sword.
There is an open door here.
There is an open door here.
(D) Dungeon
Where to? (Enter - D:2 @ (x,y), ? - help)
There is a stone staircase leading up here.
You climb upwards.
There is a stone staircase leading down here.
(D) Dungeon
Where to? (Enter - D:1, ? - help)
Okay, then.
You see here a +0 leather armour.
You see here a +0 short sword.
You enter the shallow water.
Moving in this stuff is going to be slow.
There is a staircase leading out of the dungeon here.
Are you sure you want to leave the Dungeon?
This will make you lose the game!
You have escaped!

##############.########.#
............##.# #.#
...........).#.# #.#
..#########..#.## #.#
#(#.............### #.#
#.#.#######...#...# #.#
#.#.# #...##############
#.#.# #..##.........~P~#
#.#.# #...#.@.###.##P~~#
#.#.# ##.##...# #.##P~P#
#.#.# #.##.### #P~P##.#
#.#.# #.##.# #PP~##.#
#.#.# #.##.#####~P~...#
#.#.# #.##...P~~#####.#
#.#.# #.##.##P~P# #.#
#...# #.##.##PP~# ###.#
##### #.##~~P##.# #...###


There were no monsters in sight!

Vanquished Creatures
  2 adders (D:2)
  A worm (D:2)
  2 dart slugs
  5 ball pythons
  3 bats
  6 endoplasms
  5 giant cockroaches
  A goblin (D:1)
  2 hobgoblins (D:1)
  3 jackals (D:1)
  5 kobolds
  2 quokkas (D:2)
  3 frilled lizards
  3 rats
43 creatures vanquished.

Notes
Turn   | Place    | Note
-------+----------+-------------------------------------------
     0 | D:1      | BritishOli the Demonspawn Gladiator began the quest for the
                  | Orb.
     0 | D:1      | Reached XP level 1. HP: 16/16 MP: 1/1
   247 | D:1      | Discovered your monstrous ancestry.
   247 | D:1      | Gained mutation: You have large cloven feet. [demonic
                  | ancestry]
   247 | D:1      | Reached XP level 2. HP: 22/22 MP: 2/2
   498 | D:1      | Gained mutation: You sometimes gain a little power by
                  | taking damage. [demonic ancestry]
   498 | D:1      | Reached XP level 3. HP: 22/28 MP: 3/3
   992 | D:2      | Found a hazy altar of Hepliaklqana.
  1245 | D:2      | Gained mutation: Spells you cast may paralyse adjacent
                  | enemies. [demonic ancestry]
  1245 | D:2      | Reached XP level 4. HP: 6/34 MP: 4/4
  1650 | D:$      | Got out of the dungeon alive.

Illustrated notes

Levels and vault maps discovered:
D:1:      psy_arrival_conway, layout_loops_ring, hangedman_decor_push
D:2:      layout_basic, basic_altar

Skill      XL: |  1  2 |
---------------+-------+-----
Throwing       | 2 |  2.2
Axes           | 3 |  3.2
Dodging        | 3 |  3.2
Fighting       | |  2.8
Armour         | |  0.6

Action                   |  1- 3 |  4- 6 || total
-------------------------+-------+-------++-------
Melee: War axe           |   114 |       ||   114
       Kick              |    21 |       ||    21
Armor: Leather armour    |    35 |       ||    35
Dodge: Dodged            |    86 |       ||    86

Table legend: (Time is in decaauts)
 A = Elapsed time spent in this place.
 B = Non-inter-level travel time spent in this place.
 C = Inter-level travel time spent in this place.
 D = Time resting spent in this place.
 E = Time spent auto-exploring this place.
 F = Levels seen in this place.
 G = Mean time per level.
                   A        B        C        D        E       F      G
               +--------+--------+--------+--------+--------+-----+--------+
         Total |   1693 |   1384 |    309 |    134 |    951 |   2 |  846.5 |
       Dungeon |   1693 |   1384 |    309 |    134 |    951 |   2 |  846.5 |
               +--------+--------+--------+--------+--------+-----+--------+

Top non-repeatable levels by time:
     D:1: 976 daAuts
     D:2: 716 daAuts
